 Dungeon Crawl Stone Soup version 0.22-a0-247-gbddf880757 (webtiles) character file.

63 RedPan the Slasher (level 3, -4/29 HPs)
             Began as a Demonspawn Monk on Feb 24, 2018.
             Slain by a gnoll
             ... wielding a +1 flail of crushing
              (12 damage)
             ... on level 2 of the Dungeon.
             The game lasted 00:01:56 (1265 turns).

RedPan the Slasher (Demonspawn Monk)                Turns: 1265, Time: 00:01:56

Health: -4/29      AC:  4    Str: 12    XL:     3   Next: 87%
Magic:  0/3        EV: 13    Int: 11    God:
Gold:   48         SH:  0    Dex: 15    Spells: 2/2 levels left

rFire    . . .     SeeInvis .   a - +0 falchion
rCold    . . .     Gourm    .   (no shield)
rNeg     . . .     Faith    .   b - +0 robe
rPois    .         Spirit   +   (no helmet)
rElec    .         Reflect  .   (no cloak)
rCorr    .         Harm     .   (no gloves)
MR       .....                  (no boots)
Stlth    ++........             (no amulet)
HPRegen  0.09/turn              (no ring)
MPRegen  0.08/turn              (no ring)

@: no status effects
A: iridescent scales 1, magic shield
a: no special abilities


You were on level 2 of the Dungeon.
You were not hungry.

You visited 1 branch of the dungeon, and saw 2 of its levels.

You collected 48 gold pieces.

Inventory:

Hand Weapons
 a - a +0 falchion (weapon)
Armour
 b - a +0 robe (worn)
 m - a +0 buckler
Scrolls
 e - 3 scrolls of identify {unknown}
 f - a scroll of amnesia {unknown}
 h - a scroll of remove curse {unknown}
 i - a scroll of fog {unknown}
 k - a scroll of immolation {unknown}
 n - a scroll of teleportation {unknown}
Potions
 d - 2 potions of brilliance {unknown}
 g - a potion of lignification {unknown}
 j - a potion of flight {unknown}
 l - a potion of haste {unknown}
Comestibles
 c - 4 rations
 o - a chunk of flesh


   Skills:
 - Level 3.0 Fighting
 * Level 3.8 Long Blades
 + Level 3.3 Dodging
 - Level 1.7 Stealth
 + Level 0.4 Shields


You had 2 spell levels left.
You didn't know any spells.

Dungeon Overview and Level Annotations

Branches:
Dungeon (2/15)

Altars:


Innate Abilities, Weirdness & Mutations

You are partially covered in iridescent scales. (AC +2)
When hurt, damage is shared between your health and your magic reserves.


Message History

The gnoll hits you with a flail.
You hit the gnoll but do no damage.
The gnoll is almost dead.
The gnoll hits you but does no damage.
You closely miss the gnoll.
The gnoll is almost dead.
The gnoll hits you with a flail!
* * * LOW HITPOINT WARNING * * *
You are too injured to fight recklessly!
You hit the gnoll but do no damage.
The gnoll is almost dead.
The gnoll closely misses you.
You hit the gnoll.
The gnoll is almost dead.
The gnoll closely misses you.
You hit the gnoll.
You kill the gnoll!
The gnoll hits you but does no damage.
The gnoll hits you with a flail of crushing!
You die...

... ....... ...#
...####.... ..... .#
......'.... ... .....
.....# #.###.#.#
.###.#########..##.#.#
.###...........)##.#.####.
..........................
.....#.)..()....g.........
.##..#.####.....@......##
.....#.# #.####.#.###.#
.##..#.# #..# #...# #
.##..#.# #..###...###.#
.##..#.# #..##.........
.##..#.# #..##....###.#
.....#.####..##..#.###
.....#.................
.............##..#..##.


You could see a gnoll.

Vanquished Creatures
  3 gnolls
  An ooze (D:1)
  2 bats
  A giant cockroach (D:1)
  2 goblins
  5 hobgoblins
  2 jackals (D:1)
  A ball python (D:1)
  3 frilled lizards (D:1)
  6 kobolds (D:1)
  4 rats (D:1)
30 creatures vanquished.

Notes
Turn   | Place    | Note
-------+----------+-------------------------------------------
     0 | D:1      | RedPan the Demonspawn Monk began the quest for the Orb.
     0 | D:1      | Reached XP level 1. HP: 18/18 MP: 1/1
   168 | D:1      | Gained mutation: When hurt, damage is shared between your health and your magic reserves. [demonic ancestry]
   168 | D:1      | Reached XP level 2. HP: 20/24 MP: 2/2
   558 | D:1      | Gained mutation: You are partially covered in iridescent scales. (AC +2) [demonic ancestry]
   558 | D:1      | Reached XP level 3. HP: 26/29 MP: 3/3
  1265 | D:2      | Slain by a gnoll

Vault maps used:
D:1:      mushboom_english_gardens

Skill      XL: |  1  2 |
---------------+-------+-----
Long Blades    | 3 |  3.8
Dodging        | 3 |  3.3
Fighting       | |  3.0
Stealth        | |  1.7
Shields        | |  0.4

Action                   || total
-------------------------++-------
Melee: Falchion          ||    91
 Stab: Sleeping          ||     5
  Eat: Chunk             ||     1
Armor: Robe              ||    17
Dodge: Dodged            ||    63
       Rpst.: Falchion   ||    21

Table legend:
 A = Spawn XP
 B = Non-spawn XP
 C = Spawn XP percentage of total XP
 D = Spawn monster count
 E = Non-spawn monster count
 F = Spawn count percentage of total count
 G = Total turns spent on level
                    A         B        C        D         E        F      G
               +---------+---------+-------+---------+---------+-------+---------
         Total |       0 |      90 |   0.0 |       0 |      30 |   0.0 |  1265
               +---------+---------+-------+---------+---------+-------+---------
           D:1 |       0 |      56 |   0.0 |       0 |      25 |   0.0 |   985
           D:2 |       0 |      34 |   0.0 |       0 |       5 |   0.0 |   280
               +---------+---------+-------+---------+---------+-------+---------
